 Dungeon Crawl Stone Soup version 0.28-a0-823-gb444dcf96d (webtiles) character file.

Game seed: 12941832051142124084

136014 MirrMurr the Unseen (level 16, -3/88 HPs)
             Began as a Spriggan Enchanter on Nov 9, 2021.
             Was the Champion of Okawaru.
             Slain by a shock serpent (12 damage)
             ... on level 3 of the Snake Pit on Nov 10, 2021.
             The game lasted 01:47:44 (47360 turns).

MirrMurr the Unseen (Spriggan Enchanter)           Turns: 47360, Time: 01:47:45

Health: -3/88      AC: 14    Str:  9    XL:     16   Next: 65%
Magic:  29/31      EV: 30    Int: 18    God:    Okawaru [******]
Gold:   1163       SH:  9    Dex: 16    Spells: 15/35 levels left

rFire   . . .      SeeInvis +   b - +4 dagger (speed)
rCold   . . .      Faith    .   K - +1 buckler {AC+3}
rNeg    . . .      Spirit   .   v - +0 robe
rPois   +          Reflect  .   P - +2 hat
rElec   .          Harm     .   W - +2 cloak {Stlth+}
rCorr   .          Rampage  .   (gloves unavailable)
Will    ++...                   (boots unavailable)
Stlth   ++++++++..              B - amulet of regeneration
HPRegen 1.24/turn               n - ring of poison resistance
MPRegen 0.22/turn               S - +4 ring of protection

@: studying Fighting, unable to read, very quick
A: very small, no large weapons, unfitting armour, see invisible, speed 3,
inability to read while threatened
a: Renounce Religion, Heroism, Finesse, Duel


You were on level 3 of the Snake Pit.
You worshipped Okawaru.
Okawaru was exalted by your worship.
You visited 5 branches of the dungeon, and saw 27 of its levels.
You also visited: Gauntlet and Ice Cave.

You collected 2543 gold pieces.
You spent 1380 gold pieces at shops.

Inventory:

Hand Weapons
 a - a +4 demon blade of pain
 b - a +4 dagger of speed (weapon)
 c - a +2 dagger of venom
 k - a +1 vorpal dagger
 C - a +4 quick blade
Missiles
 f - 762 stones (quivered)
 o - 9 atropa-tipped darts
 p - 26 boomerangs
 q - 133 poisoned darts
 u - 3 throwing nets
Armour
 v - a +0 robe (worn)
 H - a scarf of resistance
 J - +0 acid dragon scales
 K - a +1 buckler of protection (worn)
 P - a +2 hat (worn)
 W - a +2 cloak of stealth (worn)
Jewellery
 d - an amulet of reflection
 l - a ring of fire
 n - a ring of poison resistance (left hand)
 w - a ring of resist corrosion
 A - a ring of protection from cold
 B - an amulet of regeneration (around neck)
 S - a +4 ring of protection (right hand)
Wands
 D - a wand of paralysis (7)
 E - a wand of iceblast (55)
 F - a wand of digging (5)
 I - a wand of flame (96)
 L - a wand of acid (2)
Scrolls
 h - 2 scrolls of blinking
 i - 2 scrolls of identify
 y - 4 scrolls of vulnerability
 G - 5 scrolls of teleportation
 U - a scroll of immolation
 V - 3 scrolls of magic mapping
 X - a scroll of fear
Potions
 e - 4 potions of magic
 g - 6 potions of ambrosia
 j - 11 potions of curing
 m - 5 potions of lignification
 r - a potion of flight
 s - 4 potions of might
 t - 4 potions of heal wounds
 x - 3 potions of brilliance
 z - 2 potions of berserk rage
 M - 2 potions of mutation
 N - a potion of invisibility
 R - 4 potions of haste
Miscellaneous
 O - a phial of floods


   Skills:
 * Level 11.6 Fighting
 - Level 10.0(10.1) Short Blades
 + Level 1.6(5.0) Long Blades
 + Level 18.5 Dodging
 + Level 19.8 Stealth
 - Level 7.2 Shields
 - Level 10.0 Spellcasting
 + Level 10.7 Hexes
 * Level 5.4 Necromancy
 - Level 2.2 Ice Magic
 - Level 10.0 Invocations


You had 15 spell levels left.
You knew the following spells:

 Your Spells              Type           Power      Damage    Failure   Level
a - Ensorcelled Hibernat  Hex/Ice        64%        N/A       1%          2
b - Confusing Touch       Hex            47%        N/A       1%          3
c - Invisibility          Hex            23%        N/A       14%         6
d - Dazzling Flash        Conj/Hex       56%        N/A       2%          3
e - Slow                  Hex            100%       N/A       1%          1
A - Apportation           Tloc           18%        N/A       8%          1
G - Passage of Golubria   Tloc           9%         N/A       61%         4

Your spell library contained the following spells:

 Spells                   Type           Power      Damage    Failure   Level
 Pain                     Necr           100%       1d9       1%          1
 Shock                    Conj/Air       36%        1d5       8%          1
 Sting                    Tmut/Pois      36%        1d4       8%          1
 Ozocubu's Armour         Ice            16%        N/A       10%         3
 Poisonous Vapours        Pois/Air       18%        N/A       12%         2
 Swiftness                Air            9%         N/A       24%         3
 Agony                    Necr           28%        N/A       24%         5
 Excruciating Wounds      Necr           14%        N/A       24%         5
 Yara's Violent Unravell  Hex/Tmut       14%        3d7       24%         5
 Airstrike                Air            4%         N/A       61%         4
 Olgreb's Toxic Radiance  Pois           9%         N/A       61%         4
 Freezing Cloud           Conj/Ice/Air   5%         6-21      86%         5
 Alistair's Intoxication  Tmut/Pois      6%         N/A       91%         5
 Eringya's Noxious Bog    Tmut/Pois      4%         N/A       100%        6
 Ozocubu's Refrigeration  Ice            8%         4d6       100%        7
 Polar Vortex             Ice            8%         N/A       100%        9
 Tukima's Dance           Hex            Unusable   N/A       N/A         3
 Summon Forest            Summ/Tloc      Unusable   N/A       N/A         5
 Simulacrum               Ice/Necr       Unusable   N/A       N/A         6
 Summon Hydra             Summ           Unusable   N/A       N/A         7

Dungeon Overview and Level Annotations

Branches:
Dungeon (15/15)            Temple (1/1) D:6            Lair (6/6) D:9
  Swamp (0/4) Lair:4        Snake (3/4) Lair:4        Slime (0/5) Lair:5
    Orc (2/2) D:9             Elf (0/3) Orc:2        Vaults (0/5) D:14
 Depths (0/4) D:15          IceCv (visited)         Gauntlet (visited)

Altars:
Ashenzari
Cheibriados
Dithmenos
Elyvilon
Fedhas
Gozag
Hepliaklqana
Kikubaaqudgha
Makhleb
Nemelex Xobeh
Okawaru
Qazlal
Ru
Sif Muna
Trog
Uskayaw
Vehumet
Wu Jian
Xom
Yredelemnul
Zin
The Shining One
Beogh
Jiyva

Shops:
D:7 (   D:15 *   Orc:2 (:?[   Snake:2 :=[

Annotations:
D:8 1 runed translucent door, StikS32's ghost, novice MiFi
D:9 exclusion: door
D:10 dig get back for loot
Lair:3 !, Rupert
Lair:6 come back, exclusions: door and obsidian statue
Snake:3 2 transporters, Vauzamim's ghost, adept HuWn


Innate Abilities, Weirdness & Mutations

You are very small and have problems with some larger weapons.
You are too small for most types of armour.
You have supernaturally acute eyesight. (SInv)
You cover ground extremely quickly. (Speed+++)
You sometimes lose the ability to read scrolls when taking damage.


Message History

The shock serpent's electric aura discharges, shocking you!
The shock serpent misses you. The shock serpent closely misses you.
You miss the shock serpent.
The shock serpent is lightly wounded.
You block the shock serpent's attack.
You hit the shock serpent.
The shock serpent is lightly wounded.
The shock serpent shoots out a bolt of lightning at you!
The bolt of electricity hits you!
You feel threatened and lose the ability to read scrolls!
The shock serpent bites you but does no damage.
You are too injured to fight recklessly!
You hit the shock serpent.
The shock serpent writhes in agony.
The shock serpent is moderately wounded.
You block the shock serpent's attack.
You closely miss the shock serpent.
The shock serpent is moderately wounded.
You block the shock serpent's attack.
The shock serpent completely misses you.
You slash the shock serpent!
The shock serpent writhes in agony.
The shock serpent is heavily wounded.
The shock serpent's electric aura discharges, shocking you!
The shock serpent bites you. The shock serpent shocks you!
Your hands tingle!
b - a +4 dagger of speed (weapon)
The shock serpent bites you.
* * * LOW HITPOINT WARNING * * *
The shock serpent shocks you!
* * * LOW HITPOINT WARNING * * *
Unknown command.
Casting: Ensorcelled Hibernation (safe; 1% risk of failure)
Confirm with . or Enter, or press ? or * to list all spells.
Aiming: Ensorcelled Hibernation (safe; 1% risk of failure)
Press: ? - help, Shift-Dir - straight line, f - shock serpent
Aim: a shock serpent (heavily wounded, chance to affect: 43%)
The shock serpent resists with some effort.
The shock serpent bites you!
* * * LOW HITPOINT WARNING * * *
The shock serpent shocks you!
You die...

#..# ####....# ##...####
#..###..#.).####.......
##......##...#........#
#.......#..####.......#
#..........# #......#
####......##..####......#
#..#....###....#.###)..#
#..#...##.#....#.......# #
##.)#.###..##...@S..##### ##
#..####.(...#...##..# ####.
..##.......##....#..# #..##
..#.......##.....##.# #...#
#.#.......#.......### .. #...#
.......#####......... ... ##....
.......#.........©... ..###....#
).....##.......#####............#
#.#####......###NyN# #...#......#


You could see a shock serpent.

Vanquished Creatures
  Jorgrun (D:14)
  Kirke (D:14)
  Donald (Orc:2)
  3 nagarajas
  Louise (D:14)
  2 very ugly things (IceCv)
  2 dire elephants
  5 naga warriors
  5 boulder beetles
  11 hydras
  2 centaur warriors
  2 ogre magi
  4 anacondas
  A catoblepas (Lair:4)
  8 two-headed ogres
  9 death yaks
  3 shock serpents
  A deep troll earth mage (D:14)
  A tengu warrior (D:14)
  An orc high priest (Orc:2)
  5 naga sharpshooters
  A fire crab (Lair:6)
  A salamander mystic (Snake:3)
  3 sea snakes (Snake:1)
  4 orc knights
  2 bog bodies (Lair:4)
  5 naga ritualists
  A necromancer (Lair:6)
  3 deep elf pyromancers
  A wizard (D:14)
  3 orc sorcerers
  9 ugly things
  A wolf spider (D:15)
  9 salamanders
  6 mana vipers
  3 manticores
  6 cyclopes
  4 elephants
  10 naga magi
  36 black mambas
  2 torpor snails
  A guardian serpent (Snake:1)
  A gargoyle (D:13)
  19 cane toads
  2 rime drakes
  3 dire elephant skeletons (Lair:6)
  14 komodo dragons
  A tengu conjurer (D:14)
  A golden dragon simulacrum (IceCv)
  A yaktaur (D:15)
  An anaconda simulacrum (IceCv)
  4 trolls
  5 polar bears
  3 hornets
  Prince Ribbit (D:7)
  A meliai (D:14)
  20 slime creatures
  31 blink frogs
  A dream sheep (Lair:5)
  A dire elephant simulacrum (IceCv)
  A water elemental (D:15)
  A vampire (D:12)
  2 shadows (D:13)
  4 wyverns
  56 yaks
  5 basilisks
  7 hogs (D:14)
  A death yak simulacrum (Lair:6)
  4 vampire mosquitoes (D:14)
  A harpy simulacrum (IceCv)
  17 nagas
  A warg (Orc:2)
  3 acid dragons
  2 hydra simulacra (IceCv)
  16 water moccasins
  41 orc warriors
  An ice beast (D:6)
  A sky beast (D:7)
  8 ogres
  5 wolves
  17 centaurs
  An elephant zombie (Lair:6)
  An elephant skeleton (Lair:6)
  3 phantoms
  11 bullfrogs
  2 gnoll sergeants
  5 scorpions
  A wyvern skeleton (D:3)
  2 cane toad simulacra (Lair:6)
  A water moccasin zombie (D:6)
  A water moccasin skeleton (D:5)
  2 lindwurm simulacra (IceCv)
  6 killer bees (D:10)
  2 elephant simulacra (Lair:6)
  3 howler monkeys
  6 wights
  An electric eel (D:15)
  6 centaur zombies
  A crimson imp (D:10)
  7 hounds
  A jelly (D:5)
  16 orc priests
  5 iguanas
  A bullfrog skeleton (D:5)
  A centaur skeleton (D:5)
  A gnoll shaman (D:5)
  22 orc wizards
  14 hell rats
  2 killer bee zombies
  2 hound skeletons (D:4)
  A mummy (D:9)
  11 adders
  17 gnolls
  6 river rats (D:7)
  2 white imps
  A worm (D:2)
  A dart slug (D:3)
  101 orcs
  6 ball pythons
  10 endoplasms
  2 giant cockroaches
  A goblin (D:4)
  5 hobgoblins
  6 kobolds
  13 quokkas
  2 bats
  2 frilled lizards (D:1)
  17 rats
815 creatures vanquished.

Vanquished Creatures (others)
  A troll (D:12)
  An orc (Orc:2)
  2 bushes (Lair:6)
  42 fungi
  48 plants
  3 toadstools (D:5)
  28 withered plants (Lair:6)
125 creatures vanquished.

Grand Total: 940 creatures vanquished

Notes
Turn   | Place    | Note
-------+----------+-------------------------------------------
     0 | D:1      | MirrMurr the Spriggan Enchanter began the quest for the
                  | Orb.
     0 | D:1      | Reached XP level 1. HP: 9/9 MP: 5/5
   379 | D:1      | Reached XP level 2. HP: 6/13 MP: 6/6
   382 | D:1      | Learned a level 2 spell: Ensorcelled Hibernation
   619 | D:1      | Reached skill level 5 in Stealth
  1140 | D:2      | Reached XP level 3. HP: 15/16 MP: 5/8
  1144 | D:2      | Learned a level 3 spell: Confusing Touch
  1334 | D:2      | Found a faded altar of an unknown god.
  1567 | D:2      | Reached skill level 6 in Stealth
  1967 | D:3      | Reached XP level 4. HP: 11/21 MP: 4/9
  2135 | D:3      | Learned a level 3 spell: Tukima's Dance
  3205 | D:3      | Reached skill level 7 in Stealth
  3205 | D:3      | Reached XP level 5. HP: 17/24 MP: 5/10
  4008 | D:4      | Noticed a phantom
  4046 | D:4      | Identified the ring "Pimouts" {Str+6 Dex-2 SInv Stlth+}
  4444 | D:4      | Reached skill level 8 in Stealth
  4484 | D:4      | Reached XP level 6. HP: 28/28 MP: 8/11
  4499 | D:4      | Reached skill level 5 in Short Blades
  5262 | D:3      | Reached skill level 5 in Hexes
  5717 | D:4      | Reached XP level 7. HP: 32/32 MP: 6/13
  5828 | D:5      | Entered Level 5 of the Dungeon
  6514 | D:5      | Reached skill level 1 in Fighting
  6542 | D:5      | Identified the +5 plate armour "Jeereaza" {-Cast Dex+6}
  6559 | D:5      | Reached XP level 8. HP: 36/37 MP: 11/15
  7471 | D:5      | Reached skill level 5 in Dodging
  7538 | D:5      | Found a shimmering blue altar of Sif Muna.
  7538 | D:5      | Found a broken altar of Ashenzari.
  7853 | D:6      | Found a staircase to the Ecumenical Temple.
  8145 | Temple   | Entered the Ecumenical Temple
  8348 | Temple   | Became a worshipper of Warmaster Okawaru
  8806 | D:6      | Found a radiant altar of Vehumet.
  9243 | D:6      | Reached * piety under Okawaru
  9734 | D:6      | Reached XP level 9. HP: 38/45 MP: 13/16
 10270 | D:6      | Learned a level 3 spell: Dazzling Flash
 10272 | D:6      | Learned a level 1 spell: Slow
 10492 | D:7      | Found Laneb's Weapon Shoppe.
 10504 | D:7      | Noticed a two-headed ogre
 10511 | D:7      | Killed a two-headed ogre
 10511 | D:7      | Reached ** piety under Okawaru
 10512 | D:7      | Reached skill level 9 in Stealth
 10919 | D:7      | Noticed Prince Ribbit
 10926 | D:7      | Killed Prince Ribbit
 10927 | D:7      | Reached skill level 10 in Stealth
 10939 | D:7      | Reached *** piety under Okawaru
 11068 | D:7      | Reached skill level 10 in Dodging
 11237 | D:7      | Found an ornate altar of the Wu Jian Council.
 11544 | D:7      | Reached XP level 10. HP: 49/49 MP: 3/17
 11688 | D:7      | Reached skill level 11 in Stealth
 11898 | D:8      | Found a shadowy altar of Dithmenos.
 12198 | D:8      | Found a runed translucent door.
 12198 | D:8      | Noticed StikS32's ghost (novice MiFi)
 12210 | D:8      | Noticed a manticore
 12213 | D:8      | Killed a manticore
 12213 | D:8      | Reached **** piety under Okawaru
 12450 | D:8      | Found a bloodstained altar of Trog.
 12633 | D:9      | Found a sacrificial altar of Ru.
 12713 | D:9      | Reached skill level 12 in Stealth
 12772 | D:9      | Found a staircase to the Orcish Mines.
 13007 | D:9      | Found a staircase to the Lair.
 13451 | D:9      | Found a snail-covered altar of Cheibriados.
 13918 | D:9      | Reached ***** piety under Okawaru
 13919 | D:9      | Reached skill level 1 in Invocations
 14020 | D:9      | Found an opulent altar of Gozag.
 14153 | D:10     | Entered Level 10 of the Dungeon
 14362 | D:10     | Found a transporter.
 14566 | D:10     | Found a transporter.
 14569 | D:10     | Noticed an orc sorcerer
 14598 | D:10     | Noticed a two-headed ogre
 14641 | D:10     | Killed a two-headed ogre
 14642 | D:10     | Reached XP level 11. HP: 54/54 MP: 14/19
 14647 | D:10     | Reached skill level 5 in Spellcasting
 14652 | D:10     | Received a gift from Okawaru
 14859 | D:10     | Found a shimmering altar of Xom.
 14859 | D:10     | Found a burning altar of Makhleb.
 15273 | D:10     | Found a white marble altar of Elyvilon.
 15299 | D:10     | Noticed a fire crab
 15586 | D:10     | Noticed a soul eater
 15666 | D:11     | Noticed a seven-headed hydra
 15691 | D:11     | Killed a seven-headed hydra
 15726 | D:11     | Reached skill level 13 in Stealth
 15737 | D:11     | Reached skill level 5 in Fighting
 15898 | D:11     | Reached skill level 1 in Shields
 15969 | D:11     | Noticed an eight-headed hydra
 16036 | D:11     | Killed an eight-headed hydra
 16408 | Lair:1   | Entered Level 1 of the Lair of Beasts
 16598 | D:9      | Received a gift from Okawaru
 16815 | Lair:1   | Reached XP level 12. HP: 53/60 MP: 13/22
 17251 | Lair:1   | Reached skill level 14 in Stealth
 17264 | Lair:1   | Reached skill level 10 in Hexes
 18355 | Lair:2   | Reached skill level 10 in Short Blades
 18932 | Lair:2   | Reached skill level 15 in Stealth
 19028 | Lair:2   | Found the +8 whip "Snakebite" {venom, curare, rPois}
 19252 | Lair:2   | Noticed a death yak
 19255 | Lair:2   | Noticed a death yak
 19255 | Lair:2   | Noticed a death yak
 19256 | Lair:2   | Noticed a death yak
 19259 | Lair:2   | Killed a death yak
 19398 | Lair:2   | Reached ****** piety under Okawaru
 19418 | Lair:2   | Identified the +0 robe of Qixat {rN++} (Okawaru gifted it
                  | to you on level 2 of the Lair of Beasts)
 19418 | Lair:2   | Received a gift from Okawaru
 19826 | Lair:3   | Noticed Rupert
 20103 | Lair:3   | Reached skill level 15 in Dodging
 20103 | Lair:3   | Reached skill level 5 in Invocations
 21226 | Lair:4   | Found a burning altar of Makhleb.
 21269 | Lair:4   | Found a staircase to the Snake Pit.
 21278 | Lair:4   | Found a staircase to the Swamp.
 21360 | Lair:3   | Reached XP level 13. HP: 61/65 MP: 20/23
 21962 | Lair:4   | Learned a level 4 spell: Passage of Golubria
 22107 | Lair:4   | Reached skill level 5 in Shields
 22822 | Lair:4   | Received a gift from Okawaru
 23430 | Lair:5   | Received a gift from Okawaru
 23891 | Lair:5   | Found a staircase to the Slime Pits.
 23892 | Lair:5   | Found a viscous altar of Jiyva.
 23895 | Lair:5   | Identified the +1 robe of Perpetual Drought {Rampage Will+
                  | Dex+4 Stlth-}
 25324 | Lair:6   | Entered Level 6 of the Lair of Beasts
 25324 | Lair:6   | Found a gate leading to a gauntlet.
 25332 | Gauntlet | Entered a Gauntlet
 25332 | Gauntlet | Found a transporter.
 25344 | Gauntlet | Found a transporter.
 25345 | Gauntlet | Found a transporter.
 25346 | Gauntlet | Found a transporter.
 25353 | Gauntlet | Found a transporter.
 25356 | Gauntlet | Found a transporter.
 25357 | Gauntlet | Found a transporter.
 25367 | Gauntlet | Found a transporter.
 25369 | Gauntlet | Found a transporter.
 25370 | Gauntlet | Found a transporter.
 25378 | Gauntlet | Found a transporter.
 25381 | Gauntlet | Found a transporter.
 25382 | Gauntlet | Found a transporter.
 25390 | Gauntlet | Found a transporter.
 25473 | Gauntlet | Upgraded the game from 0.28-a0-821-g923ab73998 to
                  | 0.28-a0-823-gb444dcf96d
 26895 | Lair:5   | Reached XP level 14. HP: 69/70 MP: 17/24
 26975 | Lair:5   | Found a staircase to the Slime Pits.
 26975 | Lair:5   | Found a viscous altar of Jiyva.
 28308 | Lair:6   | Found an iron altar of Okawaru.
 28393 | Lair:6   | Reached skill level 10 in Invocations
 28908 | Lair:6   | Received a gift from Okawaru
 28908 | Lair:6   | Found the +3 warlock's mirror {reflect}
 29474 | Lair:6   | Found an iron altar of Okawaru.
 30127 | Lair:6   | Reached skill level 16 in Stealth
 33093 | D:14     | Reached skill level 17 in Stealth
 33120 | D:14     | Noticed Kirke
 33227 | D:14     | Received a gift from Okawaru
 33256 | D:14     | Killed Kirke
 33358 | D:14     | Noticed Jorgrun
 33361 | D:14     | Killed Jorgrun
 33387 | D:14     | Reached XP level 15. HP: 77/77 MP: 26/29
 33427 | D:14     | Found a gate to the Vaults.
 33678 | D:14     | Noticed Louise
 33837 | D:14     | Killed Louise
 34483 | D:14     | Reached skill level 10 in Spellcasting
 34754 | D:15     | Entered Level 15 of the Dungeon
 34916 | D:15     | Found a frozen archway.
 35002 | IceCv    | Entered an ice cave
 35004 | IceCv    | Found a transporter.
 35008 | IceCv    | Reached skill level 18 in Stealth
 35051 | IceCv    | Found a transporter.
 35456 | D:15     | Found Pafewote's General Store.
 35666 | D:15     | Found a staircase to the Depths.
 35912 | D:15     | Found an iron altar of Okawaru.
 37175 | Orc:1    | Entered Level 1 of the Orcish Mines
 37682 | Orc:1    | Reached skill level 1 in Ice Magic
 38029 | Orc:2    | Entered Level 2 of the Orcish Mines
 38029 | Orc:2    | Found a staircase to the Elven Halls.
 38090 | Orc:2    | Noticed Donald
 38370 | Orc:2    | Killed Donald
 38806 | Orc:2    | Found Upimm's Book Shoppe.
 38806 | Orc:2    | Found Kash's Magic Scroll Boutique.
 39132 | Orc:2    | Received a gift from Okawaru
 39350 | Orc:2    | Found Jorau's Antique Weapon Emporium.
 39396 | Orc:2    | Found Astriyn's Antique Armour Shop.
 40055 | Orc:2    | Gained mutation: You sometimes lose the ability to read
                  | scrolls when taking damage. [a neqoxec]
 40845 | Orc:2    | Bought a book of Pain for 280 gold pieces
 40845 | Orc:2    | Bought a book of Party Tricks for 300 gold pieces
 40845 | Orc:2    | Bought a manual of Fighting for 800 gold pieces
 40852 | Orc:2    | Learned a level 6 spell: Invisibility
 40988 | Snake:1  | Entered Level 1 of the Snake Pit
 41038 | Lair:4   | Reached skill level 19 in Stealth
 41267 | Snake:1  | Reached skill level 1 in Necromancy
 42959 | Snake:1  | Received a gift from Okawaru
 42960 | Snake:1  | Reached XP level 16. HP: 85/85 MP: 28/31
 43165 | Snake:1  | Reached skill level 10 in Fighting
 43819 | Snake:2  | Found Nedoriass's Armour Shoppe.
 43821 | Snake:2  | Found Poxian's Jewellery Emporium.
 43823 | Snake:2  | Found Utoucum's Book Shoppe.
 43846 | Snake:2  | Learned a level 1 spell: Apportation
 44458 | Snake:2  | Received a gift from Okawaru
 44960 | Snake:2  | Identified the +0 kite shield of Gehenna {Fly rCorr}
 45864 | Snake:3  | Identified the +0 cloak "Forget-Me-Not" {rF+ Int+5 Dex+4}
                  | (Okawaru gifted it to you on level 3 of the Snake Pit)
 45864 | Snake:3  | Received a gift from Okawaru
 45873 | Snake:3  | Reached skill level 1 in Long Blades
 46449 | Snake:3  | Found an iron altar of Okawaru.
 46559 | Snake:3  | Reached skill level 5 in Necromancy
 46919 | Snake:3  | Found a transporter.
 46924 | Snake:3  | Found a bloodstained altar of Trog.
 46925 | Snake:3  | Noticed Vauzamim's ghost (adept HuWn)
 46977 | Snake:3  | Found a transporter.
 47360 | Snake:3  | Slain by a shock serpent

Illustrated notes

Levels and vault maps discovered:
D:1:      nagdon_arrival_zigzag_paths, layout_loops_ring, minmay_parallelograms,
          chequers_serial_rivers_micro_a
D:2:      layout_rooms, dreamdust_ecumenical_altar_statues
D:3:      layout_loops_corners, minmay_fractal_squares_5
D:4:      layout_cave_pods
D:5:      layout_loops_corners, gammafunk_temple_overflow_elements,
          amcnicky_mini_pool_small, st_stairs_14, minmay_gold_behind_fungi,
          kennysheep_pointless_box
D:6:      layout_gridville, mainiacjoe_overflow_boulevard,
          minmay_temple_entry_tees
D:7:      lemuel_ratsnest, layout_cave_pools, old_standard_altar, serial_shops,
          shop, uniq_prince_ribbit1
D:8:      layout_basic, kennysheep_mini_moat, old_standard_altar,
          hellmonk_ghost_happy_afterlife
D:9:      lemuel_slime, layout_irregular_city, slow_altar_2, minitemple,
          david_lair_shrubbed, david_orc_5
D:10:     gammafunk_wand_slinger, layout_gridville,
          grunt_temple_overflow_champion_of_chaos, general_overflow_altar,
          due_unseen_surprise
D:11:     layout_rooms
D:12:     layout_roguey
D:13:     layout_stronghold
D:14:     layout_roguey, david_vaults_2, serial_bayou_pond_a, nzn_random_ring,
          uniq_jorgrun, uniq_louise, uniq_kirke
D:15:     hangedman_depths_entry_try_elsewhere_first, layout_basic,
          portal_ice_cave_entry_pillars_1, serial_shops, nicolae_diamond_shop,
          minivault_14, okawaru_gym_becter
Temple:   jpeg_temple_alley_garden
Lair:1:   layout_layer_cave
Lair:2:   minmay_guarded_unrand_snakebite, layout_chaotic_city,
          grunt_megastairs_3
Lair:3:   layout_cellular_growth, chequers_serial_rivers_micro_d, st_stairs_10,
          infiniplex_staircase_pool_2, uniq_rupert
Lair:4:   layout_small_grid, skrybe_swamp_entry_bodies, basic_altar
Lair:5:   nzn_winding_woodlands_small [nzn_winding_woodlands_5x15_pool,
          nzn_winding_woodlands_center_triple_pond,
          nzn_winding_woodlands_5x15_split_checker], layout_cave_pods,
          slime_altar_1, lemuel_fruit_tree, lemuel_fruit_fields
Lair:6:   due_jungle_book, layout_gridlike, gauntlet_entry_generic,
          lemuel_centaur_altar
Snake:1:  layout_grid_maze, drop_trap, serial_bayou_shore_a
Snake:2:  layout_onion, nicolae_snake_boneroom, minmay_shop_star
Snake:3:  layout_honeycomb, gammafunk_ghost_wrathful_warriors, basic_altar
Orc:1:    layout_diamond_mine
Orc:2:    st_orc_rangers, layout_caves, minmay_orc_temple_a, uniq_donald

Skill      XL: |  1  2  3  4  5  6  7  8  9 10 11 12 13 14 15 16 |
---------------+-------------------------------------------------+-----
Stealth        | 5 6 7 8 10 12 13 15 17 19 | 19.8
Short Blades   | 2 3 4 5 7 8 9 10 | 10.0
Spellcasting   | 3 4 6 9 10 | 10.0
Hexes          | 5 8 9 10 | 10.7
Fighting       | 1 4 5 6 7 9 11 | 11.6
Dodging        | 3 8 10 12 13 15 16 18 | 18.5
Invocations    | 1 3 5 9 10 | 10.0
Shields        | 1 4 7 |  7.2
Ice Magic      | 2 |  2.2
Necromancy     | 2 5 |  5.4
Long Blades    | 1 |  1.6

Action                   |  1- 3 |  4- 6 |  7- 9 | 10-12 | 13-15 | 16-18 || total
-------------------------+-------+-------+-------+-------+-------+-------++-------
Melee: Dagger            |    64 |   150 |   325 |   592 |  1597 |   390 ||  3118
       Demon blade       |       |       |       |       |    11 |    76 ||    87
Throw: Stone             |       |     1 |       |     8 |       |       ||     9
 Cast: Ensorcelled Hiber |    12 |    47 |   108 |   198 |   431 |    19 ||   815
       Confusing Touch   |       |     6 |    14 |    21 |    67 |    43 ||   151
       Dazzling Flash    |       |       |       |       |    30 |       ||    30
Invok: Heroism           |       |       |       |       |     4 |     1 ||     5
       Finesse           |       |       |       |       |     3 |     1 ||     4
Evoke: Wand              |       |       |       |       |     6 |       ||     6
  Use: Scroll            |       |     4 |     7 |     8 |    17 |     2 ||    38
       Potion            |       |       |       |     1 |     1 |       ||     2
 Stab: Sleeping          |    23 |    29 |    76 |   118 |   229 |    33 ||   508
       Confused          |       |     5 |    13 |    20 |    69 |    53 ||   160
       Distracted        |       |       |       |     1 |     4 |       ||     5
       Invisible         |       |       |       |       |    19 |       ||    19
Armor: Robe              |     1 |    12 |    15 |    44 |   111 |    22 ||   205
Dodge: Dodged            |    29 |    85 |   177 |   471 |  1068 |   205 ||  2035
Block: Other             |     8 |    22 |    31 |       |       |       ||    61
       Reflection        |       |     1 |     1 |       |    31 |    16 ||    49
       Buckler           |       |       |       |   112 |   658 |   144 ||   914

Table legend: (Time is in decaauts)
 A = Elapsed time spent in this place.
 B = Non-inter-level travel time spent in this place.
 C = Inter-level travel time spent in this place.
 D = Time resting spent in this place.
 E = Time spent auto-exploring this place.
 F = Levels seen in this place.
 G = Mean time per level.
                   A        B        C        D        E       F      G
               +--------+--------+--------+--------+--------+-----+--------+
         Total |  36071 |  33914 |   2157 |   5447 |  21275 |  29 | 1243.8 |
       Dungeon |  17114 |  15941 |   1173 |   1642 |  11074 |  15 | 1140.9 |
        Temple |    436 |    406 |     30 |    293 |    104 |   1 |  436.0 |
          Lair |  10771 |  10105 |    666 |   1656 |   6245 |   6 | 1795.2 |
     Snake Pit |   4357 |   4239 |    118 |    892 |   2439 |   3 | 1452.3 |
  Orcish Mines |   2871 |   2704 |    167 |    657 |   1336 |   2 | 1435.5 |
      Ice Cave |    384 |    384 |      0 |    306 |      6 |   1 |  384.0 |
      Gauntlet |    136 |    136 |      0 |      0 |     69 |   1 |  136.0 |
               +--------+--------+--------+--------+--------+-----+--------+

Top non-repeatable levels by time:
  Lair:5: 3246 daAuts
  Lair:4: 2523 daAuts
 Snake:1: 2050 daAuts
     D:3: 2039 daAuts
     D:6: 1783 daAuts
     D:9: 1749 daAuts
     D:5: 1715 daAuts
  Lair:6: 1602 daAuts
   Orc:1: 1517 daAuts
 Snake:2: 1480 daAuts
    D:14: 1404 daAuts
   Orc:2: 1353 daAuts
  Lair:1: 1202 daAuts
    D:15: 1201 daAuts
    D:10: 1172 daAuts
